 Dungeon Crawl Stone Soup version 0.24.0-1-gfbc8707122 (webtiles) character file.

Game seed: 7742432060016559571, levelgen mode: deterministic

45536 Aviak the Fighter (level 14, 0/129 HPs)
             Began as a Pale Draconian Conjurer on Oct 26, 2019.
             Was a High Priest of Nemelex Xobeh.
             Slain by an eight-headed hydra (1 damage)
             ... while petrified by a basilisk
             ... on level 6 of the Lair of Beasts.
             The game lasted 01:02:56 (21439 turns).

Aviak the Fighter (Pale Draconian Conjurer)        Turns: 21439, Time: 01:02:56

Health: 0/129      AC: 10    Str: 11    XL:     14   Next: 1%
Magic:  26/26      EV:  2    Int: 18    God:    Nemelex Xobeh [*****.]
Gold:   400        SH:  0    Dex: 14    Spells: 4/29 levels left

rFire    + . .     SeeInvis .   X - +3 eveningstar (protect)
rCold    . . .     Gourm    .   O - +5 buckler of the Dungeon {rF+}
rNeg     + + +     Faith    .   (armour unavailable)
rPois    ∞         Spirit   .   (helmet restricted)
rElec    .         Reflect  .   q - +0 cloak
rCorr    .         Harm     .   (no gloves)
MR       +....                  G - +0 pair of boots
Stlth    ++........             T - amulet of magic regeneration
HPRegen  0.31/turn              E - +5 ring of evasion
MPRegen  0.45/turn              P - ring of poison resistance

@: petrified
A: breathe steam, unfitting armour, cold-blooded, AC +8
a: Breathe Steam, Draw Escape, Draw Destruction, Draw Summoning, Triple Draw,
Deal Four, Stack Five, Renounce Religion


You were on level 6 of the Lair of Beasts.
You worshipped Nemelex Xobeh.
Nemelex Xobeh was extremely pleased with you.
You were not hungry.

You visited 3 branches of the dungeon, and saw 19 of its levels.
You also visited: Ossuary.

You collected 982 gold pieces.
You spent 582 gold pieces at shops.

Inventory:

Hand Weapons
 o - a +4 short sword of venom
 U - a cursed -1 eveningstar
 X - a +3 eveningstar of protection (weapon)
Armour
 q - a +0 cloak (worn)
 G - a +0 pair of boots (worn)
 N - a +0 shield
 O - the +5 buckler of the Dungeon (worn) {rF+}
   (You found it on level 9 of the Dungeon)

   It protects you from fire.
Jewellery
 e - an uncursed ring of fire
 f - an uncursed ring of flight
 E - a +5 ring of evasion (left hand)
 H - an uncursed ring of wizardry
 K - an uncursed ring of resist corrosion
 P - a ring of poison resistance (right hand)
 T - an amulet of magic regeneration (around neck)
Wands
 d - a wand of enslavement (9)
 p - a wand of digging (6)
 z - a wand of paralysis (5)
 D - a wand of flame (15)
 F - a wand of polymorph (37)
 Q - a wand of clouds (7)
 W - a wand of iceblast (9)
 Z - a wand of acid (9)
Scrolls
 g - 5 scrolls of enchant armour
 i - 2 scrolls of identify
 j - 4 scrolls of fear
 k - 7 scrolls of amnesia
 m - 3 scrolls of immolation
 r - 9 scrolls of remove curse
 t - 8 scrolls of teleportation
 x - a scroll of blinking
 y - 3 scrolls of magic mapping
 A - 2 scrolls of brand weapon
 C - 3 scrolls of vulnerability {unknown}
 M - 2 scrolls of fog {unknown}
 S - a scroll of holy word {unknown}
 V - a scroll of random uselessness {unknown}
Potions
 a - 2 potions of might
 c - a potion of curing
 h - 5 potions of heal wounds
 l - 4 potions of cancellation
 n - 2 potions of resistance
 u - 2 potions of haste
 v - 4 potions of lignification {!q}
 w - a potion of mutation {!q}
 B - 4 potions of agility
 I - a potion of invisibility
 J - a potion of berserk rage
 L - 2 potions of brilliance
Comestibles
 b - 29 rations


   Skills:
 - Level 13.0 Fighting
 - Level 4.1 Short Blades
 + Level 7.4 Maces & Flails
 - Level 11.0 Dodging
 - Level 1.7 Stealth
 - Level 4.0 Shields
 - Level 8.0 Spellcasting
 - Level 9.1 Conjurations
 - Level 3.1 Hexes
 + Level 4.0 Transmutations
 + Level 3.9 Earth Magic
 - Level 8.0 Invocations


You had 4 spell levels left.
You knew the following spells:

 Your Spells              Type           Power        Failure   Level  Hunger
a - Magic Dart            Conj           ####         1%          1    None
b - Searing Ray           Conj           #####.       1%          2    None
c - Iskenderun's Mystic   Conj           #####...     2%          4    ###....
d - Fulminant Prism       Conj/Hex       ####......   8%          4    ###....
e - Dazzling Spray        Conj/Hex       ####..       2%          3    #......
f - Statue Form           Tmut/Erth      ###......    96%         6    ######.
q - Irradiate             Conj/Tmut      ####......   19%         5    #####..

Your spell library contained the following spells:

 Spells                   Type           Power        Failure   Level  Hunger
 Confusing Touch          Hex            ###...       2%          1    None
 Animate Skeleton         Necr           N/A          10%         1    None
 Apportation              Tloc           #.....       10%         1    None
 Pain                     Necr           #...         10%         1    None
 Summon Small Mammal      Summ           #...         10%         1    None
 Force Lance              Conj/Tloc      ###.....     16%         4    ###....
 Regeneration             Chrm/Necr      #.........   28%         3    #......
 Vampiric Draining        Necr           #.........   28%         3    #......
 Animate Dead             Necr           N/A          67%         4    ###....
 Hydra Form               Tmut           ###.......   96%         6    ######.
 Dragon Form              Tmut           ###.......   100%        7    #######


Dungeon Overview and Level Annotations

Branches:
Dungeon (12/15)            Temple (1/1) D:7            Lair (6/6) D:11
  Swamp (0/4) Lair:4       Spider (0/4) Lair:3        Slime (0/5) Lair:5
    Orc (0/2) D:11        Ossuary (visited)

Altars:
Ashenzari
Cheibriados
Dithmenos
Elyvilon
Fedhas
Gozag
Hepliaklqana
Kikubaaqudgha
Makhleb
Nemelex Xobeh
Okawaru
Qazlal
Ru
Sif Muna
Trog
Uskayaw
Vehumet
Wu Jian
Xom
Yredelemnul
Zin
The Shining One

Shops:
D:4 ?   D:5 !   D:11 %   D:12 (

Annotations:
Lair:3 exclusion: 4 oklob plants
Lair:5 Kirke


Innate Abilities, Weirdness & Mutations

You can breathe blasts of scalding, opaque steam.
Your pale cyan-grey scales are hard. (AC +8)
You cannot fit into any form of body armour.
You are cold-blooded and may be slowed by cold attacks.


Message History

The wolf bites you but does no damage. The crocodile bites you.
* * * LOW HITPOINT WARNING * * *
The wolf bites you but does no damage. The eight-headed hydra bites you!
* * * LOW HITPOINT WARNING * * *
The eight-headed hydra bites you!
* * * LOW HITPOINT WARNING * * *
The eight-headed hydra bites you but does no damage.
The eight-headed hydra bites you!
* * * LOW HITPOINT WARNING * * *
The eight-headed hydra bites you but does no damage.
The eight-headed hydra bites you!
* * * LOW HITPOINT WARNING * * *
The eight-headed hydra bites you but does no damage. x2
The wolf bites you. The crocodile bites you!
* * * LOW HITPOINT WARNING * * *
The eight-headed hydra bites you.
* * * LOW HITPOINT WARNING * * *
The eight-headed hydra bites you.
You die...
Your body glows with a rainbow of weird colours and disappears.

...#.. .... ....
....#P#. ... ##
......... #.P
#.##....#...####.##
P...#.......P##hDP#
....#.......# ##@##
.P.....##P..###.t.#
......##.P..##P..##
#<.........##....##♣
..#.#...............♣
#####.#....##..##.#..♣
####P###.### #.♣...
### ## #♣♣.. ♣.


You could see an eight-headed hydra, a crocodile and a wolf.

Vanquished Creatures
  The ghost of HunfridMar the Eclecticist, a journeyman DECj of Vehumet (Lair:4)
  Fannar (D:10)
  4 hydras
  Erica (D:11)
  A two-headed ogre (D:10)
  Urug (Lair:1)
  2 unseen horrors
  An ugly thing (D:11)
  The ghost of Monsterracer the Insei, a novice DsAs of Nemelex Xobeh (D:6)
  An oklob plant (D:11)
  2 manticores
  4 slime creatures
  A torpor snail (Lair:4)
  4 black mambas
  8 spiny frogs
  7 komodo dragons
  2 rime drakes
  A yaktaur (D:12)
  A queen bee (Lair:3)
  7 trolls
  8 blink frogs
  8 hippogriffs
  A meliai zombie (D:10)
  2 bog bodies (Lair:4)
  4 dream sheep (Lair:4)
  3 wraiths
  A redback (Lair:3)
  3 wyverns
  2 basilisks
  43 yaks
  3 hogs (Lair:5)
  A steam dragon (Lair:3)
  Grum (D:10)
  3 vampire mosquitoes (D:12)
  Menkaure (D:4)
  Edmund (D:4)
  13 water moccasins
  8 porcupines
  5 ice beasts
  7 orc warriors
  4 sky beasts
  A hornet zombie (D:8)
  3 black bears
  An eye of draining (D:11)
  4 phantoms
  8 centaurs
  3 necrophages
  7 ogres
  16 wolves
  3 crocodiles
  A big kobold (D:12)
  14 bullfrogs
  A wyvern skeleton (D:6)
  6 scorpions
  51 killer bees
  6 wights
  7 howler monkeys
  7 crimson imps
  2 centaur zombies
  2 bullfrog zombies
  Crazy Yiuf (D:2)
  A gnoll shaman (D:7)
  6 jellies
  3 bullfrog skeletons
  5 hounds
  An iron imp (D:8)
  7 orc priests
  15 orc wizards
  3 iguanas
  A hell rat (Lair:3)
  7 worker ants
  2 hound zombies
  2 hound skeletons
  17 adders
  14 gnolls
  7 shadow imps
  An adder skeleton (D:4)
  5 worms
  2 dart slugs
  7 leopard geckos
  56 orcs
  A ball python (D:2)
  6 giant cockroaches
  11 goblins
  6 hobgoblins
  8 jackals
  5 quokkas
  3 ball python skeletons (Ossuary)
  4 bats
  3 frilled lizards
  3 hobgoblin skeletons (Ossuary)
  11 kobolds
  A leopard gecko skeleton (D:6)
  An orc skeleton (Ossuary)
  An orc zombie (Ossuary)
  12 rats
  A butterfly (Lair:1)
556 creatures vanquished.

Vanquished Creatures (collateral kills)
  A spiny frog (Lair:4)
  A troll (D:12)
  A vampire (D:12)
  A black bear (Lair:4)
4 creatures vanquished.

Vanquished Creatures (others)
  A hog (Lair:5)
  A killer bee (Lair:3)
  81 fulminant prisms
  8 fungi
  7 plants
98 creatures vanquished.

Grand Total: 658 creatures vanquished

Notes
Turn   | Place    | Note
-------+----------+-------------------------------------------
     0 | D:1      | Aviak the Draconian Conjurer began the quest for the Orb.
     0 | D:1      | Reached XP level 1. HP: 14/14 MP: 3/3
   161 | D:1      | Reached XP level 2. HP: 17/20 MP: 0/5
   533 | D:1      | Learned a level 2 spell: Searing Ray
  1259 | D:1      | Reached XP level 3. HP: 25/26 MP: 1/6
  1415 | D:2      | Found a faded altar of an unknown god.
  1847 | D:2      | Found a runed translucent door.
  1848 | D:2      | Noticed Crazy Yiuf
  2131 | D:2      | Reached XP level 4. HP: 21/33 MP: 2/8
  2411 | D:2      | Killed Crazy Yiuf
  2467 | D:2      | Reached XP level 5. HP: 21/38 MP: 4/9
  2741 | D:3      | Reached skill level 5 in Conjurations
  3086 | D:3      | Learned a level 3 spell: Dazzling Spray
  3091 | D:3      | Learned a level 4 spell: Iskenderun's Mystic Blast
  3111 | D:3      | Reached XP level 6. HP: 30/45 MP: 11/11
  3392 | D:3      | Reached skill level 1 in Hexes
  3576 | D:4      | Found a shattered altar of Ashenzari.
  3641 | D:4      | Found Xeuler's Magic Scroll Emporium.
  3641 | D:4      | Found a sand-covered staircase.
  3656 | Ossuary  | Entered an ossuary
  3846 | Ossuary  | Your scales start taking on a pale cyan-grey colour.
  3846 | Ossuary  | Reached XP level 7. HP: 47/50 MP: 7/13
  3878 | Ossuary  | Noticed a wraith
  3878 | Ossuary  | Noticed a flying skull
  3887 | Ossuary  | Noticed a flying skull
  4054 | Ossuary  | Noticed a flying skull
  4080 | Ossuary  | Noticed a wraith
  4092 | Ossuary  | Killed a wraith
  4289 | Ossuary  | Noticed a wraith
  4309 | Ossuary  | Killed a wraith
  4392 | D:4      | Noticed Menkaure
  4399 | D:4      | Killed Menkaure
  4399 | D:4      | Reached skill level 5 in Dodging
  4399 | D:4      | Reached skill level 5 in Spellcasting
  4399 | D:4      | Reached XP level 8. HP: 23/57 MP: 15/15
  4592 | D:4      | Learned a level 4 spell: Fulminant Prism
  4596 | D:4      | Bought a scroll of identify for 22 gold pieces
  4596 | D:4      | Bought a scroll of enchant armour for 82 gold pieces
  4596 | D:4      | Bought a scroll of remove curse for 33 gold pieces
  4820 | D:4      | Noticed Edmund
  4833 | D:4      | Killed Edmund
  4833 | D:4      | Reached skill level 1 in Fighting
  5303 | D:5      | Entered Level 5 of the Dungeon
  5371 | D:5      | Reached skill level 2 in Fighting
  5715 | D:5      | Reached skill level 3 in Fighting
  5734 | D:5      | Found an opulent altar of Gozag.
  5737 | D:5      | Found a white marble altar of Elyvilon.
  5902 | D:5      | Reached XP level 9. HP: 45/71 MP: 15/18
  6008 | D:5      | Found an iron altar of Okawaru.
  6044 | D:5      | Found a blossoming altar of Fedhas.
  6061 | D:5      | Reached skill level 4 in Fighting
  6233 | D:5      | Found a shimmering blue altar of Sif Muna.
  6321 | D:5      | Found Jaguasa's Distillery.
  6336 | D:5      | Bought a potion of heal wounds for 70 gold pieces
  6691 | D:6      | Found a runed translucent gate.
  6697 | D:6      | Found a runed translucent gate.
  6697 | D:6      | Found a runed translucent gate.
  6698 | D:6      | Found an opulent altar of Gozag.
  6698 | D:6      | Noticed Monsterracer's ghost (novice DsAs)
  6813 | D:6      | Reached skill level 5 in Fighting
  7396 | D:6      | Killed Monsterracer's ghost
  7396 | D:6      | Reached skill level 6 in Fighting
  7614 | D:6      | Reached XP level 10. HP: 79/84 MP: 16/21
  7886 | D:7      | Found a staircase to the Ecumenical Temple.
  7893 | Temple   | Entered the Ecumenical Temple
  8031 | Temple   | Became a worshipper of Nemelex Xobeh the Trickster
  8055 | D:7      | Received a gift from Nemelex Xobeh
  8508 | D:7      | Reached skill level 1 in Short Blades
  8558 | D:7      | Reached skill level 7 in Fighting
  9275 | D:8      | Reached * piety under Nemelex Xobeh
  9429 | D:8      | Found a snail-covered altar of Cheibriados.
  9610 | D:9      | Got a polished buckler
  9616 | D:9      | Identified the +5 buckler of the Dungeon {rF+} (You found
                  | it on level 9 of the Dungeon)
  9691 | D:9      | Reached skill level 1 in Shields
  9840 | D:9      | Received a gift from Nemelex Xobeh
 10271 | D:9      | Reached skill level 8 in Fighting
 10376 | D:10     | Entered Level 10 of the Dungeon
 10572 | D:10     | Noticed a two-headed ogre
 10596 | D:10     | Killed a two-headed ogre
 10596 | D:10     | Reached XP level 11. HP: 34/94 MP: 12/23
 10857 | D:10     | Killed an unseen horror
 10857 | D:10     | Reached skill level 9 in Fighting
 10948 | D:10     | Noticed Grum
 10962 | D:10     | Killed Grum
 11341 | D:10     | Received a gift from Nemelex Xobeh
 11343 | D:10     | Noticed Fannar
 11354 | D:10     | Killed Fannar
 11443 | D:10     | Reached ** piety under Nemelex Xobeh
 12093 | D:11     | Noticed a cyan ugly thing
 12106 | D:11     | Killed a cyan ugly thing
 12106 | D:11     | Reached skill level 10 in Fighting
 12597 | D:11     | Identified the +0 quarterstaff "Paerghane" {drain, +Blink
                  | rF+ Int-5}
 12609 | D:11     | Noticed Erica
 12634 | D:11     | Killed Erica
 12927 | D:11     | Reached skill level 1 in Invocations
 12954 | D:11     | Found Tinnyq Jumu's Food Shop.
 13271 | D:11     | Reached XP level 12. HP: 99/108 MP: 7/24
 13272 | D:11     | Reached skill level 11 in Fighting
 13296 | D:11     | Received a gift from Nemelex Xobeh
 13342 | D:11     | Got a jewelled trident
 13343 | D:11     | Identified the cursed +0 trident of the Real Monster
                  | {freeze, rElec MP-9 Str+2} (You found it on level 11 of the
                  | Dungeon)
 13360 | D:11     | Found a staircase to the Lair.
 13435 | D:11     | Found a staircase to the Orcish Mines.
 14206 | D:12     | Found Nampiq's Antique Weapon Boutique.
 14223 | D:12     | Bought an eveningstar for 375 gold pieces
 14276 | D:12     | Reached *** piety under Nemelex Xobeh
 14356 | D:12     | Reached skill level 5 in Invocations
 14993 | Lair:1   | Entered Level 1 of the Lair of Beasts
 15015 | Lair:1   | Received a gift from Nemelex Xobeh
 15242 | Lair:1   | Reached skill level 10 in Dodging
 15256 | Lair:1   | Reached skill level 12 in Fighting
 15349 | Lair:1   | Noticed Urug
 15363 | Lair:1   | Killed Urug
 15653 | Lair:1   | Reached skill level 1 in Maces & Flails
 15846 | Lair:1   | Received a gift from Nemelex Xobeh
 16211 | Lair:2   | Reached **** piety under Nemelex Xobeh
 16551 | Lair:2   | Reached XP level 13. HP: 90/119 MP: 25/25
 16809 | Lair:2   | Received a gift from Nemelex Xobeh
 17584 | Lair:3   | Reached skill level 5 in Maces & Flails
 18256 | Lair:3   | Received a gift from Nemelex Xobeh
 18517 | Lair:3   | Found a hole to the Spider Nest.
 18562 | Lair:3   | Learned a level 5 spell: Irradiate
 18569 | Lair:3   | Learned a level 6 spell: Statue Form
 18925 | Lair:4   | Received a gift from Nemelex Xobeh
 19014 | Lair:4   | Noticed HunfridMar's ghost (journeyman DECj)
 19024 | Lair:4   | Found a runed translucent door.
 19088 | Lair:4   | Killed HunfridMar's ghost
 19368 | Lair:4   | Reached skill level 1 in Transmutations
 19513 | Lair:4   | Reached skill level 13 in Fighting
 19513 | Lair:4   | Reached skill level 1 in Earth Magic
 19582 | Lair:4   | Reached ***** piety under Nemelex Xobeh
 19582 | Lair:4   | Found a staircase to the Swamp.
 19890 | Lair:4   | Received a gift from Nemelex Xobeh
 20590 | Lair:5   | Received a gift from Nemelex Xobeh
 20667 | Lair:5   | Found a staircase to the Slime Pits.
 20904 | Lair:5   | Noticed Kirke
 21357 | Lair:6   | Entered Level 6 of the Lair of Beasts
 21372 | Lair:5   | Reached XP level 14. HP: 103/129 MP: 26/26
 21438 | Lair:6   | HP: 6/129 [eight-headed hydra (5)]
 21439 | Lair:6   | HP: 1/129 [eight-headed hydra (3)]
 21439 | Lair:6   | Slain by an eight-headed hydra

Levels and vault maps discovered:
D:1:      dpeg_arrival_solitude, layout_loops_ring
D:2:      layout_basic, chequers_ecumenical_altar_simple_redux, first_ration,
          uniq_crazy_yiuf_cottage
D:3:      layout_rooms, dk_vineyard_2
D:4:      layout_loops_ring, lemuel_round_altar, serial_shops, shop,
          enter_ossuary_1, uniq_menkaure, uniq_edmund
D:5:      layout_rooms, kennysheep_okawaru_gauntlet,
          chequers_temple_overflow_statue_of_worship, lemuel_blue_sif_altar,
          basic_altar, serial_shops, shop, bh_walls_and_bars
D:6:      layout_rooms, ebering_ghost_gozag
D:7:      layout_basic, minmay_temple_entry_statues_pillars
D:8:      layout_rooms, slow_altar_2
D:9:      layout_basic
D:10:     layout_grid_maze, grunt_pizzeria, uniq_grum, uniq_fannar
D:11:     layout_basic, dpeg_oklobed_lair, orc_0_dummy, serial_shops, shop,
          uniq_erica
D:12:     layout_loops_cross, serial_shops, shop, kennysheep_generic_room_10
Temple:   nicolae_temple_elliptical
Lair:1:   layout_long_grid, serial_bayou_shore_b, grunt_megastairs_1,
          lemuel_fruit_fields, serial_bayou_shore_b, uniq_urug
Lair:2:   layout_roguey
Lair:3:   hangedman_what_comes_after_a, layout_cave_pods,
          spider_nest_entry_rubble, chequers_serial_rivers_small_3
Lair:4:   layout_hall_layers, skrybe_swamp_entry_bodies,
          hellmonk_ghost_happy_afterlife
Lair:5:   layout_regular_city, minmay_slime_entry_pillars, uniq_kirke
Lair:6:   minmay_lair_end_enchanted_forest, layout_loops_ring, st_stairs_11

Skill      XL: |  1  2  3  4  5  6  7  8  9 10 11 12 13 |
---------------+----------------------------------------+-----
Dodging        | 2 3 4 5 6 9 10 11 | 11.0
Spellcasting   | 3 4 5 6 7 8 |  8.0
Conjurations   | 5 6 7 9 |  9.1
Hexes          | 1 2 3 |  3.1
Fighting       | 3 6 8 10 12 13 | 13.0
Short Blades   | 2 4 |  4.1
Shields        | 4 |  4.0
Invocations    | 2 6 8 |  8.0
Maces & Flails | 3 7 |  7.4
Transmutations | 4 |  4.0
Earth Magic    | 3 |  3.9
Stealth        | |  1.7

Action                   |  1- 3 |  4- 6 |  7- 9 | 10-12 | 13-15 || total
-------------------------+-------+-------+-------+-------+-------++-------
Melee: Unarmed           |    29 |       |       |       |       ||    29
       Tailslap          |    12 |    28 |    38 |   104 |    78 ||   260
       Dagger            |    69 |    32 |       |       |       ||   101
       Short sword       |       |   146 |   285 |   780 |   350 ||  1561
       Trident           |       |       |       |     3 |       ||     3
       Eveningstar       |       |       |       |       |   181 ||   181
 Cast: Magic Dart        |    19 |       |    12 |     8 |     2 ||    41
       Searing Ray       |     9 |    10 |    11 |    32 |     9 ||    71
       Dazzling Spray    |       |       |     4 |    27 |    25 ||    56
       Fulminant Prism   |       |       |     9 |    38 |    34 ||    81
       Iskenderun's Myst |       |       |       |    10 |     2 ||    12
 Abil: Breathe Steam     |       |       |    21 |    40 |     4 ||    65
       Draw Destruction  |       |       |       |     3 |     6 ||     9
       Draw Summoning    |       |       |       |     3 |     5 ||     8
       Draw Escape       |       |       |       |       |     1 ||     1
Evoke: Wand              |       |       |     1 |       |     1 ||     2
  Use: Scroll            |     1 |     2 |     2 |    13 |     9 ||    27
       Potion            |       |       |       |     5 |     6 ||    11
 Stab: Sleeping          |     2 |     6 |     3 |     4 |     3 ||    18
       Distracted        |       |       |       |     2 |       ||     2
       Invisible         |       |       |       |     1 |     2 ||     3
  Eat: Chunk             |     4 |     6 |    10 |    26 |     9 ||    55
       Ration            |       |       |     2 |     4 |     4 ||    10
Armor: Skin              |    46 |    32 |    39 |   139 |    98 ||   354
Dodge: Dodged            |    82 |   145 |   295 |   698 |   757 ||  1977
Block: Buckler           |       |       |       |   411 |   420 ||   831
